AoeStats
← OG-007

Arabia

510777513Analyzed
1v1 RM · 1d ago on Oct 2, 2026· 31m 11s· 2 players
Game mode
Random Map
Map size
Tiny (2 player)
Population
200
Speed
Normal
Resources
Standard
Victory
Conquest
Starting age
Dark Age
Ending age
Imperial Age
RankedLock teamsTeams togetherTeam positionsShared explorationLock speedFull tech treeHidden civsTurbo modeCheats
Victory
Defeat
🇦🇷 Magyars · Argentina
1261
+18
🇨🇦 Franks · Canada
1298
-18
Luchiansky
6:03 Loom
9:26 Feudal Age
10:01 Double-Bit Axe
12:00 Horse Collar
16:57 Wheelbarrow
20:10 Castle Age
19:02 Gold Mining
19:45 Bloodlines
19:30 Fletching
19:40 Padded Archer Armor
21:12 Bow Saw
21:20 Heavy Plow
22:24 Gold Shaft Mining
23:07 Bodkin Arrow
23:58 Husbandry
24:54 Town Watch
25:47 Ballistics
26:42 Leather Archer Armor
26:51 Thumb Ring
28:58 Hand Cart
OG-007
6:17 Loom
9:19 Feudal Age
9:51 Double-Bit Axe
19:53 Castle Age
19:34 Scale Barding Armor
19:51 Forging
19:42 Gold Mining
20:46 Husbandry
21:03 Bow Saw
22:36 Padded Archer Armor
24:08 Gold Shaft Mining
24:26 Wheelbarrow
25:01 Town Watch
27:35 Chain Barding Armor
27:51 Stone Mining
30:18 Fletching
31:04 Iron Casting
31:11 Bodkin Arrow
Connection lost

Rejoining the realm…

Still unreachable

The connection could not be restored.

Session expired

The server has moved on; the page needs a fresh start.